 Dungeon Crawl Stone Soup version 0.27-a0-1071-ga85bd9520d (webtiles) character file.

Game seed: 16558685106857009964

728 1player the Ducker (level 8, -3/48 HPs)
             Began as a Kobold Arcane Marksman on Apr 24, 2021.
             Was an Initiate of Dithmenos.
             Slain by a gnoll shaman
             ... wielding a +0 short sword
              (10 damage)
             ... on level 3 of the Dungeon.
             The game lasted 00:33:48 (9076 turns).

1player the Ducker (Kobold Arcane Marksman)         Turns: 9076, Time: 00:33:49

Health: -3/48      AC:  3    Str:  7    XL:     8   Next: 3%
Magic:  4/9        EV: 16    Int: 14    God:    Dithmenos [......]
Gold:   251        SH:  6    Dex: 18    Spells: 3/9 levels left

rFire    . . .     SeeInvis .   b - +0 short sword
rCold    + + .     Faith    .   v - +0 buckler
rNeg     . . .     Spirit   .   A - +0 leather armour {rC+}
rPois    .         Reflect  .   (no helmet)
rElec    .         Harm     .   (no cloak)
rCorr    .         Rampage  .   (no gloves)
Will     .....                  (no boots)
Stlth    ++........             (no amulet)
HPRegen  0.16/turn              q - ring of protection from cold
MPRegen  0.11/turn              (no ring)

@: lit by a corona, very slightly contaminated, glowing
A: small, no large weapons, nightstalker 3
a: Renounce Religion


You were on level 3 of the Dungeon.
You worshipped Dithmenos.
Dithmenos was noncommittal.
You visited 1 branch of the dungeon, and saw 5 of its levels.

You collected 251 gold pieces.

Inventory:

Hand Weapons
 a - a +0 hand crossbow
 b - a +0 short sword (weapon)
Missiles
 d - 31 bolts
 r - 3 poisoned darts (quivered)
 z - a throwing net
Armour
 v - a +0 buckler (worn)
 A - a +0 leather armour of cold resistance (worn)
Jewellery
 q - a ring of protection from cold (left hand)
Wands
 s - a wand of acid (1)
 B - a wand of paralysis (6)
Scrolls
 o - a scroll of enchant weapon {unknown}
 t - a scroll of magic mapping {unknown}
 x - a scroll of enchant armour {unknown}
 y - a scroll of teleportation
Potions
 i - 3 potions of curing {unknown}
 k - a potion of flight


   Skills:
 - Level 3.6 Fighting
 - Level 2.4 Crossbows
 - Level 5.1 Dodging
 - Level 3.0 Stealth
 + Level 3.5 Shields
 - Level 1.1 Spellcasting
 + Level 4.9 Hexes


You had 3 spell levels left.
You knew the following spells:

 Your Spells              Type           Power      Damage    Failure   Level
a - Corona                Hex            15%        N/A       6%          1
q - Slow                  Hex            14%        N/A       9%          2
z - Confusing Touch       Hex            14%        N/A       19%         3

Your spell library contained the following spells:

 Spells                   Type           Power      Damage    Failure   Level
 Summon Small Mammal      Summ           0%         N/A       43%         1
 Inner Flame              Hex/Fire       7%         N/A       45%         3
 Portal Projectile        Hex/Tloc       14%        N/A       45%         3
 Summon Guardian Golem    Hex/Summ       7%         N/A       45%         3
 Call Imp                 Summ           0%         N/A       56%         2
 Call Canine Familiar     Summ           0%         N/A       80%         3
 Gell's Gravitas          Tloc           0%         N/A       80%         3
 Cause Fear               Hex            7%         N/A       52%         4
 Leda's Liquefaction      Hex/Erth       3%         N/A       86%         4
 Petrify                  Tmut/Erth      0%         N/A       99%         4
 Summon Ice Beast         Ice/Summ       0%         N/A       99%         4
 Summon Lightning Spire   Summ/Air       0%         N/A       99%         4
 Metabolic Englaciation   Hex/Ice        3%         N/A       99%         5
 Yara's Violent Unravell  Hex/Tmut       3%         3d4       99%         5


Dungeon Overview and Level Annotations

Branches:
Dungeon (5/15)
 Temple: D:4-7

Altars:
Ashenzari
Dithmenos
Qazlal
Trog
Xom
The Shining One

Annotations:
D:2 exclusion: downstairs
D:4 exclusion: black bear
D:5 Eustachio


Innate Abilities, Weirdness & Mutations

You are small and have problems with some larger weapons.
You are completely attuned to the shadows.


Message History

The gnoll shaman is almost dead.
The gnoll shaman hits you with a +0 short sword!
* * * LOW HITPOINT WARNING * * *
You hit the gnoll shaman.
The gnoll shaman is almost dead.
The gnoll shaman stops glowing.
You block the gnoll shaman's attack.
You closely miss the gnoll shaman.
The gnoll shaman is almost dead.
The gnoll shaman closely misses you.
You hit the gnoll shaman but do no damage.
The gnoll shaman is almost dead.
The gnoll shaman mumbles some strange prayers to its god.
The gnoll shaman is healed somewhat.
You hit the gnoll shaman but do no damage.
The gnoll shaman is severely wounded.
The gnoll shaman hits you with a +0 short sword.
* * * LOW HITPOINT WARNING * * *
The gnoll shaman misses you.
Casting: Corona (safe; 6% risk of failure)
Confirm with . or Enter, or press ? or * to list all spells.
Aiming: Slow (safe; 9% risk of failure)
Press: ? - help, Shift-Dir - straight line, f/p - gnoll shaman
Aim: a gnoll shaman, wielding a +0 short sword and wearing a +0 leather armour (severely wounded, chance to affect: 50%)
You miscast Slow.
You are very lightly contaminated with residual magic.
Nothing appears to happen.
The gnoll shaman barely misses you.
Casting: Slow (safe; 9% risk of failure)
Confirm with . or Enter, or press ? or * to list all spells.
Aiming: Corona (safe; 6% risk of failure)
Press: ? - help, Shift-Dir - straight line, f/p - gnoll shaman
Aim: a gnoll shaman, wielding a +0 short sword and wearing a +0 leather armour (severely wounded, chance to affect: 50%)
The gnoll shaman is outlined in light.
The gnoll shaman misses you.
You barely miss the gnoll shaman.
The gnoll shaman is severely wounded.
The gnoll shaman invokes the aid of its god against you.
You are outlined in light.
You barely miss the gnoll shaman.
The gnoll shaman is severely wounded.
The gnoll shaman hits you with a +0 short sword!
You die...

#..# #..........#
#..#
#..###.##.##.##.#
#..... ###...###.#
.# #..... #######.#
#...## #.....#
#...### #.#####
##Y..... #.#
........ #.######
......# #.##@g.##
#.#
#.#.###.#########.#
#.#># #...........#
#...###.###########
####...## #####


You could see a gnoll shaman (corona).

Vanquished Creatures
  Menkaure (D:4)
  A phantom (D:4)
  A scorpion (D:5)
  A water moccasin skeleton (D:4)
  A howler monkey (D:4)
  2 jellies
  A hound (D:5)
  A bullfrog skeleton (D:4)
  An orc priest (D:5)
  2 orc wizards
  3 gnolls (D:5)
  5 adders
  A howler monkey skeleton (D:4)
  A white imp (D:5)
  An adder zombie (D:5)
  2 worms
  4 dart slugs
  9 orcs
  4 bats
  4 endoplasms
  2 giant cockroaches
  6 hobgoblins
  4 jackals (D:1)
  2 quokkas
  6 ball pythons
  8 frilled lizards
  5 goblins
  6 kobolds
  A quokka skeleton (D:3)
  6 rats
92 creatures vanquished.

Notes
Turn   | Place    | Note
-------+----------+-------------------------------------------
     0 | D:1      | 1player the Kobold Arcane Marksman began the quest for the
                  | Orb.
     0 | D:1      | Reached XP level 1. HP: 12/12 MP: 2/2
   310 | D:1      | Reached skill level 3 in Dodging
   310 | D:1      | Reached XP level 2. HP: 9/16 MP: 1/3
   686 | D:1      | Learned a level 2 spell: Slow
   840 | D:1      | Reached XP level 3. HP: 20/20 MP: 1/4
  1192 | D:1      | Found a faded altar of an unknown god.
  1991 | D:1      | Reached skill level 4 in Dodging
  2571 | D:2      | Reached XP level 4. HP: 25/25 MP: 0/5
  2850 | D:2      | Reached XP level 5. HP: 20/29 MP: 2/6
  3002 | D:2      | Reached skill level 5 in Dodging
  3705 | D:3      | Noticed a sky beast
  3990 | D:3      | Reached skill level 1 in Stealth
  4214 | D:3      | Found a shimmering altar of Xom.
  4560 | D:4      | Noticed a black bear
  5076 | D:4      | Noticed Menkaure
  5112 | D:4      | Found a broken altar of Ashenzari.
  5113 | D:4      | Found a bloodstained altar of Trog.
  5113 | D:4      | Found a shadowy altar of Dithmenos.
  5134 | D:4      | Became a worshipper of Dithmenos the Shadowed
  5384 | D:4      | Killed Menkaure
  5385 | D:4      | Reached XP level 6. HP: 21/38 MP: 7/7
  5922 | D:4      | Reached skill level 1 in Shields
  5922 | D:4      | Reached XP level 7. HP: 20/42 MP: 5/8
  6474 | D:5      | Entered Level 5 of the Dungeon
  7270 | D:5      | Found a stormy altar of Qazlal.
  7454 | D:5      | Found a glowing golden altar of the Shining One.
  8180 | D:5      | Noticed Eustachio
  8311 | D:4      | Reached XP level 8. HP: 42/48 MP: 6/9
  8325 | D:4      | Learned a level 3 spell: Confusing Touch
  8564 | D:5      | Paralysed by a gnoll for 4 turns
  9076 | D:3      | Slain by a gnoll shaman

Illustrated notes

Levels and vault maps discovered:
D:1:      sevenhm_arrival_forest_fort_small_5, layout_basic,
          basic_ecumenical_altar, minmay_misc_feat_columns,
          amcnicky_mini_rare_corridor_liquid, chequers_serial_rivers_large_b,
          minmay_lizard_pond
D:2:      layout_basic
D:3:      layout_loops_ring, lemuel_tele_altar, uniq_crazy_yiuf_cottage
D:4:      layout_basic, chequers_temple_overflow_statue_of_worship,
          uniq_menkaure
D:5:      layout_rooms, nicolae_overflow_crystal_walls, lemuel_round_altar,
          gammafunk_ghost_hive, guppyfry_early_orc_mine, uniq_eustachio

Skill      XL: |  1  2  3  4  5  6  7 |
---------------+----------------------+-----
Dodging        | 3 4 5 |  5.1
Hexes          | 4 |  4.9
Stealth        | 3 |  3.0
Fighting       | 3 |  3.6
Shields        | 1 3 |  3.5
Crossbows      | |  2.4
Spellcasting   | |  1.1

Action                   |  1- 3 |  4- 6 |  7- 9 || total
-------------------------+-------+-------+-------++-------
Melee: Spear             |    16 |       |       ||    16
       Dagger            |    79 |       |       ||    79
       Short sword       |     1 |    69 |   197 ||   267
 Fire: Hand crossbow     |    45 |    35 |    26 ||   106
Throw: Dart              |       |       |     1 ||     1
 Cast: Corona            |    18 |    12 |    18 ||    48
       Slow              |     5 |     9 |    21 ||    35
       Confusing Touch   |       |       |     2 ||     2
Evoke: Wand              |       |     4 |       ||     4
  Use: Potion            |       |     3 |     4 ||     7
       Scroll            |       |       |     6 ||     6
 Stab: Sleeping          |       |     2 |       ||     2
       Confused          |       |       |     2 ||     2
Armor: Leather armour    |    16 |    12 |    14 ||    42
       Robe              |     1 |       |       ||     1
Dodge: Dodged            |    79 |    61 |   130 ||   270
Block: Buckler           |       |     8 |    54 ||    62

Table legend: (Time is in decaauts)
 A = Elapsed time spent in this place.
 B = Non-inter-level travel time spent in this place.
 C = Inter-level travel time spent in this place.
 D = Time resting spent in this place.
 E = Time spent auto-exploring this place.
 F = Levels seen in this place.
 G = Mean time per level.
                   A        B        C        D        E       F      G
               +--------+--------+--------+--------+--------+-----+--------+
         Total |   9195 |   8993 |    202 |   3474 |   1826 |   5 | 1839.0 |
       Dungeon |   9195 |   8993 |    202 |   3474 |   1826 |   5 | 1839.0 |
               +--------+--------+--------+--------+--------+-----+--------+

Top non-repeatable levels by time:
     D:4: 3001 daAuts
     D:1: 2187 daAuts
     D:2: 1576 daAuts
     D:5: 1387 daAuts
     D:3: 1043 daAuts
